 Dungeon Crawl Stone Soup version 0.23.2-1-ga50397a (webtiles) character file.

Game seed: 12168334906490419758

56 Borgoz the Slasher (level 3, 0/22 HPs)
             Began as a Gargoyle Gladiator on May 15, 2019.
             Slain by a gnoll
             ... wielding a +0 halberd
              (9 damage)
             ... on level 2 of the Dungeon.
             The game lasted 00:01:15 (1139 turns).

Borgoz the Slasher (Gargoyle Gladiator)             Turns: 1139, Time: 00:01:15

Health: 0/22       AC: 15    Str: 22    XL:     3   Next: 97%
Magic:  3/3        EV:  7    Int:  8    God:
Gold:   37         SH:  0    Dex: 12    Spells: 2/2 levels left

rFire    . . .     SeeInvis .   a - +0 long sword
rCold    . . .     Gourm    .   (no shield)
rNeg     + . .     Faith    .   o - +0 plate armour
rPois    ∞         Spirit   .   c - +0 helmet
rElec    +         Reflect  .   (no cloak)
rCorr    .         Harm     .   i - +0 pair of gloves
MR       .....                  (no boots)
Stlth    ..........             (no amulet)
HPRegen  0.07/turn              (no ring)
MPRegen  0.08/turn              (no ring)

@: mighty
A: negative energy resistance 1, electricity resistance, unbreathing,
petrification resistance, rot immunity, AC +3
a: no special abilities


You were on level 2 of the Dungeon.
You were not hungry.

You visited 1 branch of the dungeon, and saw 2 of its levels.

You collected 37 gold pieces.

Inventory:

Hand Weapons
 a - a +0 long sword (weapon)
Missiles
 d - 3 throwing nets (quivered)
Armour
 c - a +0 helmet (worn)
 i - a +0 pair of gloves (worn)
 o - a +0 plate armour (worn)
Scrolls
 e - a scroll of teleportation {unknown}
 g - 2 scrolls of remove curse {unknown}
 j - 2 scrolls of identify {unknown}
 k - a scroll of immolation {unknown}
 n - a scroll of enchant weapon {unknown}
Potions
 h - 2 potions of agility {unknown}
 l - a potion of brilliance {unknown}
Comestibles
 f - 3 rations
 m - a chunk of flesh


   Skills:
 + Level 2.8 Fighting
 * Level 3.4 Long Blades
 - Level 1.7 Throwing
 + Level 1.4 Armour
 + Level 2.7 Dodging


You had 2 spell levels left.
You didn't know any spells.
Your spell library was empty.

Dungeon Overview and Level Annotations

Branches:
Dungeon (2/15)

Altars:


Innate Abilities, Weirdness & Mutations

You are resistant to torment.
Your stone body is resilient. (AC +3)
You are immune to poison.
You resist negative energy. (rN+)
You are resistant to electric shocks. (rElec)
You can survive without breathing.
You are immune to petrification.
You are immune to rotting.


Message History

You feel very mighty all of a sudden. The gnoll hits you.
The gnoll hits you but does no damage.
Your plate armour prevents you from hitting the gnoll.
The gnoll barely misses you. The gnoll hits you but does no damage.
The gnoll closely misses you.
Your plate armour prevents you from hitting the gnoll.
The gnoll hits you but does no damage. The gnoll closely misses you.
The gnoll hits you but does no damage. The gnoll closely misses you.
The gnoll hits you but does no damage.
You slash the gnoll!
You kill the gnoll!
The gnoll hits you but does no damage. x2
The gnoll completely misses you.
Things that are here:
a gnoll corpse x2
You slash the gnoll!
You kill the gnoll!
The gnoll hits you but does no damage.
You barely miss the gnoll. The gnoll hits you with a +0 halberd!
You die...

..#.# #.#.# #.#.#
###.#.# ......
#.$.# #..# #g)#
##@# #####.#######
#............
#.#.###.#######
#......>.......
###.###.#######
##.#.#.###########
..................#
#####...#########.#


You could see a gnoll.

Vanquished Creatures
  3 gnolls (D:2)
  A dart slug (D:1)
  A giant cockroach (D:1)
  2 goblins (D:1)
  7 hobgoblins
  2 kobolds
  2 bats
  4 frilled lizards (D:1)
  3 rats (D:1)
25 creatures vanquished.

Notes
Turn   | Place    | Note
-------+----------+-------------------------------------------
     0 | D:1      | Borgoz the Gargoyle Gladiator began the quest for the Orb.
     0 | D:1      | Reached XP level 1. HP: 12/12 MP: 1/1
   182 | D:1      | Reached XP level 2. HP: 15/18 MP: 2/2
   449 | D:1      | Reached skill level 3 in Long Blades
   694 | D:1      | Reached skill level 1 in Armour
  1061 | D:2      | Reached XP level 3. HP: 22/22 MP: 3/3
  1139 | D:2      | Slain by a gnoll

Skill      XL: |  1  2 |
---------------+-------+-----
Long Blades    | 3 |  3.4
Armour         | 1 |  1.4
Fighting       | |  2.8
Throwing       | |  1.7
Dodging        | |  2.7

Action                   || total
-------------------------++-------
Melee: Long sword        ||    67
  Use: Potion            ||     1
  Eat: Chunk             ||     1
Armor: Leather armour    ||    11
       Plate armour      ||    39
Dodge: Dodged            ||    37
       Rpst.: Long sword ||    12
